 Dungeon Crawl Stone Soup version 0.28-a0-500-g121bc3e445 (webtiles) character file.

Game seed: 11960531950307114296

147 bande the Covered (level 5, -2/33 HPs)
             Began as a Gargoyle Fighter on Sept 19, 2021.
             Killed by divine providence
             ... invoked by an orc priest
              (10 damage)
             ... on level 3 of the Dungeon.
             The game lasted 00:04:37 (2226 turns).

bande the Covered (Gargoyle Fighter)                Turns: 2226, Time: 00:04:38

Health: -2/33      AC: 11    Str: 19    XL:     5   Next: 29%
Magic:  5/5        EV:  9    Int:  9    God:
Gold:   103        SH:  4    Dex: 10    Spells: 4/4 levels left

rFire   . . .      SeeInvis .   a - +1 war axe
rCold   . . .      Faith    .   c - +0 buckler
rNeg    + . .      Spirit   .   b - +0 scale mail
rPois   ∞          Reflect  .   (no helmet)
rElec   +          Harm     .   (no cloak)
rCorr   .          Rampage  .   (no gloves)
Will    .....                   (no boots)
Stlth   ..........              (no amulet)
HPRegen 0.11/turn               (no ring)
MPRegen 0.09/turn               (no ring)

@: no status effects
A: sickness immunity, AC +4, negative energy resistance 1, electricity
resistance, torment resistance 1, petrification resistance
a: no special abilities


You were on level 3 of the Dungeon.
You visited 1 branch of the dungeon, and saw 3 of its levels.

You collected 103 gold pieces.

Inventory:

Hand Weapons
 a - a +1 war axe (weapon)
 k - a +0 flail
Armour
 b - a +0 scale mail (worn)
 c - a +0 buckler (worn)
 h - a +0 tower shield
Wands
 j - a wand of polymorph (6)
Scrolls
 g - 2 scrolls of blinking
 l - a scroll of brand weapon {unknown}
Potions
 d - a potion of might
 e - a potion of heal wounds {unknown}
 f - 4 potions of haste {unknown}
 i - 2 potions of experience {unknown}


   Skills:
 + Level 3.7 Fighting
 + Level 3.3 Axes
 + Level 4.3 Armour
 - Level 0.1 Dodging
 + Level 3.8 Shields
 * Level 0.4 Evocations


You had 4 spell levels left.
You didn't know any spells.
Your spell library was empty.

Dungeon Overview and Level Annotations

Branches:
Dungeon (3/15)

Altars:


Innate Abilities, Weirdness & Mutations

You are immune to sickness and miasma.
Your stone body is resilient. (AC +4)
You are immune to poison.
You resist negative energy. (rN+)
You are resistant to electric shocks. (rElec)
You are resistant to unholy torment.
You are immune to petrification.


Message History

There is a stone staircase leading up here.
An orc comes into view. It is wielding a +0 trident.
An orc comes into view. It is wielding a +0 club.
An orc priest comes into view. It is wielding a +0 whip.
A jackal comes into view.
The orc shouts!
The jackal barks!
A nearby plant withers and dies.
A jackal comes into view.
An orc comes into view. It is wielding a +0 trident.
The orc hits you but does no damage.
The orc priest looks braver for a moment.
The orc shouts!
You slash the orc!
You kill the orc!
You hit the orc wizard but do no damage.
The orc wizard barely misses you.
You completely miss the orc wizard.
The orc wizard points at you and mumbles some strange words.
You resist with some effort.
The orc priest invokes the aid of Beogh against you.
Beogh smites you!
You hit the orc wizard.
The orc wizard is heavily wounded.
The orc wizard hits you but does no damage.
An orc comes into view. It is wielding a +0 dagger.
You closely miss the orc wizard.
The orc wizard is heavily wounded.
The orc shouts!
The orc wizard points at you and mumbles some strange words.
The magic dart hits you.
An orc comes into view. It is wielding a +0 falchion.
The orc wizard gestures wildly while chanting.
The orc wizard flickers and vanishes!
Deactivating autopickup; reactivate with Ctrl-A.
The orc priest calls down the wrath of Beogh upon you.
Beogh smites you!
* * * LOW HITPOINT WARNING * * *
The orc priest mumbles some strange prayers to Beogh against you.
Beogh smites you!
You die...

♣♣ #...# P
#.### #.#
####.####
#.>.....#
#.##.##.#
# #..†.#
## ###..#
....###@.#
.........#
.##.###.##
#h# .o#
.#oo ..♣oh
≈. ≈.≈≈
♣≈≈ ≈≈o≈


You could see an orc priest, 3 orcs and 2 jackals.

Vanquished Creatures
  A centaur skeleton (D:3)
  3 adders
  A white imp (D:3)
  A worm (D:3)
  A dart slug (D:2)
  6 orcs (D:3)
  10 ball pythons
  10 endoplasms
  4 giant cockroaches
  3 goblins
  5 hobgoblins
  4 jackals
  5 kobolds
  2 quokkas (D:1)
  12 bats
  A frilled lizard (D:3)
  4 rats
73 creatures vanquished.

Vanquished Creatures (others)
  A frilled lizard (D:2)
  14 plants
15 creatures vanquished.

Grand Total: 88 creatures vanquished

Notes
Turn   | Place    | Note
-------+----------+-------------------------------------------
     0 | D:1      | bande the Gargoyle Fighter began the quest for the Orb.
     0 | D:1      | Reached XP level 1. HP: 14/14 MP: 1/1
    44 | D:1      | Reached XP level 2. HP: 19/19 MP: 2/2
   449 | D:1      | Reached XP level 3. HP: 21/23 MP: 3/3
  1497 | D:2      | Reached skill level 4 in Armour
  1497 | D:2      | Reached XP level 4. HP: 22/28 MP: 4/4
  1751 | D:2      | Found a faded altar of an unknown god.
  2082 | D:3      | Reached XP level 5. HP: 29/33 MP: 5/5
  2226 | D:3      | Killed from afar by an orc priest

Illustrated notes

Levels and vault maps discovered:
D:1:      giann_bridges, layout_basic
D:2:      layout_rooms, basic_ecumenical_altar, grunt_ministairs_13,
          st_stairs_14
D:3:      layout_loops_cross, mainiacjoe_overflow_alcove_2, serial_bayou,
          serial_bayou_crossing, serial_bayou_ford_a, serial_bayou_pond_b,
          serial_bayou_pond_b

Skill      XL: |  1  2  3  4 |
---------------+-------------+-----
Axes           | 2 3 |  3.3
Armour         | 4 |  4.3
Fighting       | |  3.7
Dodging        | |  0.1
Shields        | |  3.8
Evocations     | |  0.4

Action                   |  1- 3 |  4- 6 || total
-------------------------+-------+-------++-------
Melee: War axe           |   109 |    70 ||   179
  Use: Scroll            |     4 |       ||     4
Armor: Scale mail        |    93 |    43 ||   136
Dodge: Dodged            |    65 |    40 ||   105
Block: Buckler           |    41 |    19 ||    60

Table legend: (Time is in decaauts)
 A = Elapsed time spent in this place.
 B = Non-inter-level travel time spent in this place.
 C = Inter-level travel time spent in this place.
 D = Time resting spent in this place.
 E = Time spent auto-exploring this place.
 F = Levels seen in this place.
 G = Mean time per level.
                   A        B        C        D        E       F      G
               +--------+--------+--------+--------+--------+-----+--------+
         Total |   2299 |   2299 |      0 |    369 |   1405 |   3 |  766.3 |
       Dungeon |   2299 |   2299 |      0 |    369 |   1405 |   3 |  766.3 |
               +--------+--------+--------+--------+--------+-----+--------+

Top non-repeatable levels by time:
     D:1: 1278 daAuts
     D:2: 756 daAuts
     D:3: 264 daAuts
